 Dungeon Crawl Stone Soup version 0.16-a0-2839-gd16e107 (webtiles) character file.

230 Johnny the Conjurer (level 5, 0/40 HPs)
             Began as a Demigod Conjurer on Nov 29, 2014.
             Slain by Johnny's ghost (15 damage)
             ... on level 4 of the Dungeon.
             The game lasted 00:06:45 (3569 turns).

Johnny the Conjurer (Demigod Conjurer)              Turns: 3569, Time: 00:06:45

Health: 0/40       AC:  6    Str: 14    XL:     5   Next: 43%
Magic:  2/14       EV: 12    Int: 26    God:
Gold:   177        SH:  0    Dex: 16    Spells: 3 memorised, 4 levels left

rFire  + . .     SeeInvis .     x - +0 dagger (holy)
rCold  . . .     Clarity  .     l - +0 leather armour
rNeg   . . .     SustAb   +     (no shield)
rPois  .         Gourm    .     (no helmet)
rElec  .         Spirit   .     (no cloak)
rCorr  .         Warding  .     m - +2 pair of gloves
rMut   .         Stasis   .     (no boots)
MR     .....                    (no amulet)
Stlth  ++........               w - +3 ring of strength
                                t - ring of protection from fire

@: brilliant, not resistant to hostile enchantments, unstealthy
A: sustain abilities
a: no special abilities


You were on level 4 of the Dungeon.
You were not hungry.

You visited 1 branch of the dungeon, and saw 4 of its levels.

You collected 177 gold pieces.

Inventory:

Hand weapons
 v - a +0 scimitar
 x - a +0 dagger of holy wrath (weapon)
Armour
 l - a +0 leather armour (worn)
 m - a +2 pair of gloves (worn)
Jewellery
 t - a ring of protection from fire (left hand)
 w - a +3 ring of strength (right hand)
Magical devices
 j - a wand of flame (0)
Scrolls
 a - 3 scrolls of immolation {unknown}
 d - a scroll of enchant weapon {unknown}
 e - a scroll of blinking {unknown}
 h - 2 scrolls of teleportation {unknown}
 i - 3 scrolls of identify {unknown}
 k - a scroll of magic mapping {unknown}
 o - 2 scrolls of remove curse {unknown}
 p - 3 scrolls of amnesia {unknown}
 s - a scroll of recharging {unknown}
 u - a scroll of enchant armour {unknown}
 y - a scroll of noise {unknown}
Potions
 f - a potion of agility {unknown}
 g - a potion of brilliance
 q - a potion of poison {unknown}
Books
 c - a book of Conjurations

   Spells                             Type                      Level
   a - Magic Dart                     Conjuration                  1
   b - Searing Ray                    Conjuration                  2
   c - Dazzling Spray                 Conjuration/Hexes            3
   d - Fulminant Prism                Conjuration/Hexes            4
   e - Iskenderun's Mystic Blast      Conjuration                  4
   f - Iskenderun's Battlesphere      Conjuration/Charms           5
Comestibles
 b - 2 bread rations
 r - 9 fruits
 z - 2 chunks of flesh


   Skills:
 + Level 1.3 Fighting
 + Level 1.1 Armour
 + Level 2.2 Dodging
 - Level 1.7 Stealth
 * Level 3.0 Spellcasting
 * Level 4.6 Conjurations
 + Level 1.6 Evocations


You had 4 spell levels left.
You knew the following spells:

 Your Spells              Type           Power        Failure   Level  Hunger
a - Magic Dart            Conj           ####         1%          1    None
b - Searing Ray           Conj           #####.       1%          2    #......
c - Dazzling Spray        Conj/Hex       ####....     1%          3    ###....


Dungeon Overview and Level Annotations

Branches:
Dungeon (4/15)
 Temple: D:4-7

Annotations:
D:4 Johnny's ghost, average DgCj


Innate Abilities, Weirdness & Mutations

Your attributes are resistant to harm.


Message History

It was a potion of brilliance.
Johnny's ghost hits you but does no damage.
Unknown command.
Drink which item? (? for menu, Esc to quit)
You feel better.
It was a potion of curing.
Johnny's ghost hits you.
Casting: Magic Dart
Confirm with . or Enter, or press ? or * to list all spells.
Aiming: Magic Dart
Press: ? - help, Shift-Dir - straight line, f/p - Johnny's ghost
Aim: Johnny's ghost (moderately damaged)
The magic dart hits Johnny's ghost.
Johnny's ghost is moderately damaged.
Johnny's ghost hits you!
* * * LOW HITPOINT WARNING * * *
Unknown command.
Drink which item? (? for menu, Esc to quit)
You feel better.
Johnny's ghost hits you but does no damage.
Johnny's ghost hits you!
You die...

#..# #..# ## #).#
#.##.(# ##
#.#..#####.#..
#(###............
#.#.##..####.##.
#.###..# #@# #..#
#W# #..# #. #)#
##.# #.# #)# #.#
#.. #)# #<# #.W
#)# #.# #S. #.#
#.# #.. ## #.#
#...##..####S #.#
..........W.)


You could see Johnny's ghost.

Vanquished Creatures
  2 orc priests (D:4)
  Ijyb (D:2)
  8 adders
  A giant mite (D:3)
  A worm (D:3)
  4 orcs
  A bat skeleton (D:3)
  3 giant cockroaches
  13 hobgoblins
  3 jackals (D:2)
  2 quokkas (D:3)
  8 bats
  3 giant newts (D:3)
  6 goblins
  5 kobolds
  6 rats
67 creatures vanquished.

Notes
Turn   | Place    | Note
--------------------------------------------------------------
     0 | D:1      | Johnny, the Demigod Conjurer, began the quest for the Orb.
     0 | D:1      | Reached XP level 1. HP: 14/14 MP: 3/3
   541 | D:1      | Reached XP level 2. HP: 19/22 MP: 2/5
   995 | D:2      | Found a glowing golden altar of the Shining One.
  1094 | D:2      | Reached XP level 3. HP: 27/27 MP: 0/8
  1373 | D:2      | Reached skill level 4 in Conjurations
  1592 | D:2      | Noticed Ijyb
  1598 | D:2      | Learned a level 2 spell: Searing Ray
  1602 | D:2      | Learned a level 3 spell: Dazzling Spray
  1624 | D:2      | Killed Ijyb
  1624 | D:2      | Reached XP level 4. HP: 28/34 MP: 0/11
  2104 | D:3      | Reached skill level 1 in Evocations
  2166 | D:3      | Found a burning altar of Makhleb.
  2402 | D:3      | Reached skill level 1 in Fighting
  3159 | D:4      | Reached skill level 1 in Armour
  3159 | D:4      | Reached XP level 5. HP: 40/40 MP: 7/13
  3204 | D:4      | Noticed Johnny's ghost (average DgCj)
  3569 | D:4      | Slain by Johnny's ghost

Action                   |  1- 3 |  4- 6 || total
-------------------------+-------+-------++-------
Melee: Unarmed           |    11 |       ||    11
       Dagger            |       |     3 ||     3
 Cast: Magic Dart        |    72 |    94 ||   166
       Searing Ray       |     1 |     1 ||     2
Evoke: Wand              |     3 |     8 ||    11
  Use: Potion            |       |     3 ||     3
  Eat: Chunk             |     1 |     7 ||     8
